 Dungeon Crawl Stone Soup version 0.30-a0-709-gcdc1b43e22 (webtiles) character file.

Game seed: 14827403239329579917

28923 Fenrisus the Peltast (level 13, -4/123 HPs)
             Began as an Armataur Fighter on Jan 22, 2023.
             Was the Champion of Cheibriados.
             Slain by a saltling (8 damage)
             ... in the Desolation of Salt.
             The game lasted 01:13:38 (12781 turns).

Fenrisus the Peltast (Armataur Fighter)            Turns: 12781, Time: 01:13:39

Health: -4/123     AC: 40    Str: 41    XL:     13   Next: 12%
Magic:  18/18      EV:  5    Int: 26    God:    Cheibriados [******]
Gold:   422        SH: 12    Dex: 32    Spells: 12/12 levels left

rFire   + . .      SeeInvis .    C - +1 morningstar "Metsimmu" {elec, MP+9}
rCold   + + .      Faith    .    a - +2 buckler
rNeg    + + .      Spirit   .    t - +7 plate armour {rN+}
rPois   .          Reflect  .    (helmet restricted)
rElec   .          Harm     .    j - +1 cloak
rCorr   .          Roll     +    n - +0 pair of gloves of the Armoured One {Fly rC+ rN+ Int+3}
Will    .....                    g - +4 barding of the Minstrel {rC+} Stlth
                                 c - amulet of regeneration
HPRegen 1.20/turn                l - +4 ring of protection
MPRegen 0.16/turn                D - +6 ring of dexterity

@: flying, studying Shields, unable to read, very slow
A: large, rugged brown scales 3, deformed body, armoured tail, roll, long
tongue, awkward tongue, horns 1, stinger 1, fire resistance 1, low MP 3,
screaming 1, inability to read after injury 1
a: Renounce Religion, Bend Time, Temporal Distortion, Slouch, Step From Time


You were in the Desolation of Salt.
You worshipped Cheibriados.
Cheibriados was exalted by your worship.
You visited 4 branches of the dungeon, and saw 14 of its levels.
You also visited: Bailey and Desolation.

You collected 2299 gold pieces.
You spent 1877 gold pieces at shops.

Inventory:

Hand Weapons
 C - the +1 morningstar "Metsimmu" (weapon) {elec, MP+9}
   (You found it on level 6 of the Dungeon)

   MP:        It affects your magic capacity (+9).
 F - a +4 heavy executioner's axe
 I - the +9 battleaxe "Qysho" {drain, Will+}
   (You found it on level 9 of the Dungeon)

   Will:      It increases your willpower.
Missiles
 o - 3 throwing nets (quivered)
Armour
 a - a +2 buckler (worn)
 b - the +1 Delatra's gloves {ID++}
   (You found it on level 5 of the Dungeon)

   ID++:      It heals its wearer when they drink unknown potions, and restores
   their MP when they read unknown scrolls.
 d - a +2 helmet
 g - the +4 barding of the Minstrel (worn) {rC+}
   (You acquired it on level 3 of the Dungeon)

   rC:        It protects you from cold.
 j - a +1 cloak (worn)
 n - the +0 pair of gloves of the Armoured One (worn) {Fly rC+ rN+ Int+3}
   (You acquired it on level 4 of the Dungeon)

   Int:       It affects your intelligence (+3).
   rC:        It protects you from cold.
   rN:        It protects you from negative energy.
   Fly:       It grants you flight.
 t - a +7 plate armour of positive energy (worn)
 x - the +1 leather armour of the Distant Future {rPois rC+++ rN+ rCorr}
   (You found it on level 8 of the Dungeon)

   rC:        It renders you almost immune to cold.
   rPois:     It protects you from poison.
   rN:        It protects you from negative energy.
   rCorr:     It protects you from acid and corrosion.
 E - a +0 kite shield
Jewellery
 c - an amulet of regeneration (around neck)
 k - a ring of fire
 l - a +4 ring of protection (left hand)
 B - a ring of wizardry
 D - a +6 ring of dexterity (right hand)
Scrolls
 i - 2 scrolls of teleportation
 v - a scroll of magic mapping {unknown}
 y - a scroll of brand weapon {unknown}
 G - a scroll of amnesia
 J - 2 scrolls of identify
 K - a scroll of blinking {unknown}
Potions
 e - 2 potions of lignification
 h - a potion of brilliance
 m - 2 potions of ambrosia {unknown}
 u - a potion of berserk rage {unknown}
 N - 2 potions of degeneration {unknown}
Miscellaneous
 A - a condenser vane (inert)


   Skills:
 + Level 10.8 Fighting
 - Level 3.5 Long Blades
 - Level 2.3(6.0) Axes
 + Level 9.5(9.7) Maces & Flails
 + Level 13.9 Armour
 + Level 15.8 Shields


You had 12 spell levels left.
You didn't know any spells.
Your spell library contained the following spells:

 Spells                   Type           Power      Damage    Failure   Level
 Summon Small Mammal      Summ           0%         N/A       45%         1
 Ensorcelled Hibernation  Hex/Ice        0%         N/A       61%         2
 Sublimation of Blood     Necr           0%         N/A       61%         2
 Wereblood                Tmut           0%         N/A       61%         2
 Call Canine Familiar     Summ           0%         N/A       83%         3
 Dazzling Flash           Conj/Hex       0%         N/A       83%         3
 Ignite Poison            Fire/Tmut/Pois 0%         N/A       83%         3
 Inner Flame              Hex/Fire       0%         N/A       83%         3
 Kindle Blastsparks       Fire/Tloc/Air  0%         2d10      83%         3
 Spider Form              Tmut/Pois      0%         N/A       83%         3
 Summon Guardian Golem    Hex/Summ       0%         N/A       83%         3
 Anguish                  Hex/Necr       0%         N/A       99%         4
 Animate Dead             Necr           0%         N/A       99%         4
 Cause Fear               Hex            0%         N/A       99%         4
 Sticky Flame             Conj/Fire      0%         2d3       99%         4
 Agony                    Necr           0%         N/A       100%        5
 Borgnjor's Vile Clutch   Necr/Erth      0%         N/A       100%        5
 Freezing Cloud           Conj/Ice/Air   0%         6-21      100%        5
 Silence                  Hex/Air        0%         N/A       100%        5
 Death Channel            Necr           0%         N/A       100%        6
 Summon Hydra             Summ           0%         N/A       100%        7
 Discord                  Hex            0%         N/A       100%        8
 Ignition                 Fire           0%         3d3       100%        8


Dungeon Overview and Level Annotations

Branches:
Dungeon (10/15)            Temple (1/1) D:7             Orc (2/2) D:10
    Elf (1/3) Orc:2        Bailey (visited)         Desolation (1/1)
   Lair: D:8-11

Altars:
Ashenzari
Cheibriados
Dithmenos
Elyvilon
Fedhas
Gozag
Hepliaklqana
Makhleb
Nemelex Xobeh
Okawaru
Qazlal
Ru
Sif Muna
Trog
Uskayaw
Wu Jian
Yredelemnul
Zin
The Shining One

Shops:
D:2 :   D:6 *   D:9 *   Orc:2 ::*=(

Annotations:
D:7 2 transporters


Innate Abilities, Weirdness & Mutations

You are completely covered in rugged brown scales. (AC +3, +7% HP)
Armour fits poorly on your strangely shaped body.
You have a long armoured tail.
You roll when moving toward enemies. (Rampage)
Your long tongue fully drains potion bottles. (2x potion effects)
Your tongue gives you trouble enunciating. (1.5x scroll delay)
You have a pair of small horns on your head.
Your tail ends in a venomous barb.
Your flesh is heat resistant. (rF+)
Your magical capacity is extremely low. (-30% MP)
You occasionally shout uncontrollably at your foes.
You occasionally lose the ability to read scrolls when taking damage.


Message History

You barely miss the servant of whispers.
You headbutt the servant of whispers!
The servant of whispers is lightly wounded.
You block the saltling's attack.
A guardian serpent comes into view.
The servant of whispers hits you but does no damage.
You bludgeon the servant of whispers!! You tail-slap the servant of whispers.
The servant of whispers is poisoned.
The servant of whispers is heavily wounded.
A saltling comes into view.
The saltling closely misses you. You block the saltling's attack.
The servant of whispers hits you with a +0 spear.
* * * LOW HITPOINT WARNING * * *
You closely miss the servant of whispers.
You headbutt the servant of whispers.
Your tail-slap misses the servant of whispers.
The servant of whispers is heavily wounded.
The saltling hits you but does no damage.
You block the saltling's attack.
A saltling comes into view.
You block the imperial myrmidon's attack.
The servant of whispers mumbles some strange prayers to its god against you.
The bolt of lightning hits you!!
You feel threatened and lose the ability to read scrolls!
* * * LOW HITPOINT WARNING * * *
The saltling hits you but does no damage.
The saltling hits you.
* * * LOW HITPOINT WARNING * * *
The imperial myrmidon hits you with a +1 scimitar of holy wrath!
* * * LOW HITPOINT WARNING * * *
You hear a shout! x2
You closely miss the servant of whispers.
The servant of whispers is heavily wounded.
The guardian serpent coils itself and waves its upper body at you.
The saltling blinks! x3
The servant of whispers hits you but does no damage.
A saltling comes into view.
A ragged hierophant comes into view. It is wielding a +0 long sword.
The saltling hits you!
You die...

§.......§ ..§.§.....
.. ..§....... ..#.
.§§§..... ......
§§§§§§... ......
§§§§§§..##........
.§§§§§9a9.........
.§§...9@a...........
.§§§..999...........
..§............##...
##........§.........
#..S...............
...........§∩.......
§.............a.....
............∩.9.....
.......#............


You could see a ragged hierophant, a servant of whispers (poisoned), an imperial
myrmidon, a guardian serpent and 7 saltlings.

Vanquished Creatures
  Snorg (Orc:1)
  A two-headed ogre (D:9)
  A servant of whispers (Desolation)
  2 dancing weapons (Elf:1)
  An orc high priest (Orc:1)
  A deep elf knight (Elf:1)
  Nergalle (Orc:1)
  A deep elf archer (Orc:2)
  Pikel (D:7)
  13 deep elf pyromancers
  8 deep elf zephyrmancers
  An ugly thing (D:7)
  6 orc sorcerers
  A kobold demonologist (D:9)
  2 trolls
  A saltling (Desolation)
  2 wraiths (D:9)
  6 yaks (D:8)
  3 vampire mosquitoes (D:9)
  6 wargs
  3 acid dragons
  A water moccasin (D:8)
  25 orc warriors
  A sky beast (D:7)
  2 black bears
  10 centaurs
  4 ogres
  A kobold brigand (D:8)
  4 lemures (D:7)
  2 phantoms (D:10)
  A bullfrog (D:8)
  2 gnoll sergeants
  4 scorpions
  8 wights (D:8)
  2 troll zombies (D:10)
  21 killer bees
  2 howler monkeys
  3 hounds
  3 jellies (D:5)
  7 orc priests
  4 iguanas
  33 orc wizards
  4 ogre zombies (D:10)
  12 gnolls
  2 adders
  2 shadow imps
  A white imp (D:6)
  2 ufetubi
  2 worms
  A dart slug (D:2)
  91 orcs
  7 bats
  6 endoplasms
  5 giant cockroaches
  7 goblins
  6 hobgoblins
  7 kobolds
  3 quokkas
  7 ball pythons
  4 frilled lizards
  2 goblin skeletons (D:10)
  2 goblin zombies (D:10)
  2 hobgoblin zombies (D:10)
  An orc skeleton (D:10)
  16 orc zombies (D:10)
  4 rats
398 creatures vanquished.

Vanquished Creatures (others)
  A deep elf knight (Elf:1)
  A deep elf zephyrmancer (Elf:1)
  A deep elf pyromancer (Elf:1)
  A withered plant (Desolation)
4 creatures vanquished.

Grand Total: 402 creatures vanquished

Notes
Turn   | Place    | Note
-------+----------+-------------------------------------------
     0 | D:1      | Fenrisus the Armataur Fighter began the quest for the Orb.
     0 | D:1      | Reached XP level 1. HP: 19/19 MP: 1/1
   250 | D:1      | Reached XP level 2. HP: 24/26 MP: 2/2
   986 | D:2      | Found Ulicom's Book Emporium.
  1010 | D:2      | Reached XP level 3. HP: 33/33 MP: 3/3
  1389 | D:3      | Found a shadowy altar of Dithmenos.
  1478 | D:3      | Found a stormy altar of Qazlal.
  2025 | D:3      | Identified 2 scrolls of acquirement
  2025 | D:3      | Acquired 1102 gold pieces
  2027 | D:3      | Acquired the +4 barding of the Minstrel {rC+}
  2154 | D:4      | Reached XP level 4. HP: 34/40 MP: 4/4
  2161 | D:4      | Reached skill level 4 in Shields
  2298 | D:4      | Reached XP level 5. HP: 23/48 MP: 5/5
  2385 | D:4      | Reached skill level 5 in Armour
  2474 | D:4      | Acquired the +0 pair of gloves of the Armoured One {Fly rC+
                  | rN+ Int+3}
  2572 | D:4      | Found an ornate altar of the Wu Jian Council.
  3106 | D:5      | Entered Level 5 of the Dungeon
  3201 | D:5      | Reached XP level 6. HP: 53/55 MP: 6/6
  3270 | D:5      | Reached skill level 5 in Shields
  3334 | D:5      | Found a basalt altar of Yredelemnul.
  3578 | D:5      | Reached XP level 7. HP: 63/63 MP: 7/7
  3652 | D:5      | Reached skill level 1 in Axes
  3840 | D:5      | Found the +1 Delatra's gloves {ID++}
  4785 | D:6      | Reached skill level 6 in Shields
  4790 | D:6      | Reached skill level 5 in Fighting
  4790 | D:6      | Reached XP level 8. HP: 72/72 MP: 8/8
  4850 | D:6      | Found Boizojad's Assorted Antiques.
  4858 | D:6      | Bought a condenser vane for 720 gold pieces
  4981 | D:6      | Found a broken altar of Ashenzari.
  5047 | D:6      | Identified the +1 morningstar "Metsimmu" {elec, MP+9}
  5366 | D:7      | Noticed Pikel
  5464 | D:7      | Found a transporter.
  5466 | D:7      | Found an opulent altar of Gozag.
  5466 | D:7      | Noticed a brown ugly thing
  5470 | D:7      | Killed a brown ugly thing
  5642 | D:7      | Noticed a kobold demonologist
  5652 | D:7      | Noticed a kobold demonologist
  5656 | D:7      | Found a transporter.
  5678 | D:7      | Found a staircase to the Ecumenical Temple.
  5693 | Temple   | Entered the Ecumenical Temple
  5804 | Temple   | Became a worshipper of Cheibriados the Contemplative
  6004 | D:7      | Killed Pikel
  6005 | D:7      | Reached skill level 7 in Shields
  6005 | D:7      | Reached XP level 9. HP: 75/80 MP: 9/9
  6330 | D:7      | Found a broken altar of Ashenzari.
  6557 | D:8      | Identified the +1 leather armour of the Distant Future
                  | {rPois rC+++ rN+ rCorr}
  6619 | D:8      | Found a flagged portal.
  6634 | Bailey   | Entered a bailey
  6694 | Bailey   | Reached * piety under Cheibriados
  6793 | Bailey   | Reached skill level 8 in Shields
  7137 | Bailey   | Reached ** piety under Cheibriados
  7155 | Bailey   | Reached XP level 10. HP: 69/92 MP: 10/10
  7341 | D:8      | Reached skill level 9 in Shields
  7358 | D:8      | Reached skill level 5 in Maces & Flails
  7602 | D:8      | Reached skill level 10 in Armour
  7758 | D:8      | Reached *** piety under Cheibriados
  7759 | D:8      | Reached skill level 10 in Shields
  8154 | D:8      | Gained mutation: Your tail ends in a venomous barb. [potion
                  | of mutation]
  8154 | D:8      | Gained mutation: Your magical capacity is low. (-10% MP)
                  | [potion of mutation]
  8154 | D:8      | Gained mutation: Your flesh is heat resistant. (rF+)
                  | [potion of mutation]
  8154 | D:8      | Gained mutation: Your magical capacity is very low. (-20%
                  | MP) [potion of mutation]
  8154 | D:8      | Gained mutation: You have a pair of small horns on your
                  | head. [potion of mutation]
  8420 | D:9      | Found Umosch's Assorted Antiques.
  8423 | D:9      | Bought a potion of heal wounds for 115 gold pieces
  8423 | D:9      | Bought a scroll of identify for 46 gold pieces
  8423 | D:9      | Bought a scroll labelled ZUIGGA RONIPH for 23 gold pieces
  8423 | D:9      | Bought a peridot ring for 115 gold pieces
  8444 | D:9      | Noticed a two-headed ogre
  8454 | D:9      | Killed a two-headed ogre
  8560 | D:9      | Reached skill level 11 in Shields
  8560 | D:9      | Reached **** piety under Cheibriados
  8736 | D:9      | Gained mutation: You occasionally lose the ability to read
                  | scrolls when taking damage. [a neqoxec]
  8737 | D:9      | Gained mutation: You occasionally shout uncontrollably at
                  | your foes. [a neqoxec]
  8737 | D:9      | Gained mutation: Your magical capacity is extremely low.
                  | (-30% MP) [a neqoxec]
  8892 | D:9      | Identified the +9 battleaxe "Qysho" {drain, Will+}
  9147 | D:9      | Reached XP level 11. HP: 100/101 MP: 7/7
  9248 | D:9      | Found a sacrificial altar of Ru.
  9364 | D:10     | Entered Level 10 of the Dungeon
  9981 | D:10     | Found a staircase to the Orcish Mines.
  9990 | D:10     | Reached ***** piety under Cheibriados
 10076 | Orc:1    | Entered Level 1 of the Orcish Mines
 10181 | Orc:1    | Noticed Snorg
 10192 | Orc:1    | Killed Snorg
 10193 | Orc:1    | Reached skill level 12 in Shields
 10386 | Orc:2    | Entered Level 2 of the Orcish Mines
 10406 | Orc:2    | Noticed an orc sorcerer
 10470 | Orc:1    | Killed an orc sorcerer
 10648 | Orc:2    | Noticed an orc high priest
 10672 | Orc:1    | Noticed a sixfirhy
 10674 | Orc:1    | Killed an orc high priest
 10825 | Orc:2    | Found Tapoitan's Self-Improvement Boutique.
 10829 | Orc:2    | Noticed an orc sorcerer
 10831 | Orc:2    | Paralysed by an orc sorcerer for 5 turns
 10835 | Orc:2    | Noticed a sun demon
 10837 | Orc:2    | Noticed a sixfirhy
 10847 | Orc:1    | Killed an orc sorcerer
 10984 | Orc:1    | Noticed Nergalle
 10989 | Orc:1    | Killed Nergalle
 10990 | Orc:1    | Reached skill level 13 in Shields
 11249 | Orc:2    | Reached ****** piety under Cheibriados
 11398 | Orc:2    | Noticed an orc sorcerer
 11415 | Orc:2    | Killed an orc sorcerer
 11541 | Orc:2    | Noticed an orc sorcerer
 11547 | Orc:2    | Killed an orc sorcerer
 11702 | Orc:2    | Noticed an orc sorcerer
 11705 | Orc:2    | Killed an orc sorcerer
 11706 | Orc:2    | Reached XP level 12. HP: 112/112 MP: 8/8
 11742 | Orc:2    | Paralysed by an orc sorcerer for 3 turns
 11848 | Orc:2    | Found Rupsyles's Antique Weapon Shop.
 11848 | Orc:2    | Found Ismen's Jewellery Emporium.
 11877 | Orc:2    | Bought an amulet of regeneration for 390 gold pieces
 11883 | Orc:2    | Bought a +4 ring of protection for 468 gold pieces
 11920 | Orc:2    | Found Liunyrapn's General Store.
 11920 | Orc:2    | Found Rurer's Book Emporium.
 12012 | Orc:2    | Found a burning altar of Makhleb.
 12012 | Orc:2    | Found a staircase to the Elven Halls.
 12181 | Elf:1    | Entered Level 1 of the Elven Halls
 12223 | Orc:2    | Reached skill level 14 in Shields
 12238 | Orc:2    | Reached skill level 10 in Fighting
 12463 | Elf:1    | Reached skill level 15 in Shields
 12543 | Elf:1    | Reached XP level 13. HP: 52/121 MP: 9/9
 12685 | Elf:1    | Found a crumbling gateway.
 12688 | Desolati | Entered the Desolation of Salt
 12773 | Desolati | Noticed an imperial myrmidon
 12780 | Desolati | HP: 2/123 [imperial myrmidon/+1 scimitar of holy wrath (8)]
 12781 | Desolati | Slain by a saltling

Illustrated notes

Levels and vault maps discovered:
D:1:      enne_arrival_octagon_isle, layout_basic, dreamdust_princess_corridor
D:2:      layout_rooms, serial_shops, shop, nrook_mini_vaults
D:3:      minmay_spotlight, layout_basic, nicolae_qazlal_eye_of_the_storm,
          grunt_dithmenos_smoke_and_mirrors, amcnicky_mini_pool_small
D:4:      layout_gridville, mainiacjoe_overflow_small_starburst,
          chequers_serial_rivers_micro_b
D:5:      layout_cave_pods, overflow_temple_1_default, pf_guarded_unrand_delatra
D:6:      layout_basic, cheibrodos_ashenzari_chains, serial_shops, shop
D:7:      gammafunk_wand_slinger, layout_rooms,
          minmay_temple_entry_statues_pillars, serial_co_window_serial,
          co_window_paths_a, co_window_of_opportunity_a, co_window_corner_a,
          co_window_corner_a, co_window_corner_a, co_window_paths_b,
          co_window_paths_b, co_window_broadway_b, co_window_broadway_a,
          co_window_corner_ca, glass_columns_b, glass_columns_b,
          hangedman_feature_mirror, uniq_pikel
D:8:      layout_basic, enter_bailey_3, minivault_23, hangedman_decor_push,
          chequers_arboretum
D:9:      layout_gridville, nicolae_ru_great_annihilating_truth, serial_shops,
          kennysheep_mini
D:10:     layout_big_octagon, grunt_temple_overflow_open,
          general_overflow_altar, hellmonk_lair_entry_icy, zombieorc2_lemuel,
          nrook_mini_backslash, uniq_psyche
Temple:   hellmonk_temple_forest_ring
Orc:1:    layout_caves, uniq_nergalle, uniq_snorg
Orc:2:    st_orc_town, layout_caves, lemuel_statue_altar, nicolae_shop_self_help
Elf:1:    minmay_elf_arrival_circle, layout_rooms,
          portal_desolation_entry_nicolae_slug, kennysheep_underground_church
Desolation

Skill      XL: |  1  2  3  4  5  6  7  8  9 10 11 12 |
---------------+-------------------------------------+-----
Long Blades    | 2 3 |  3.5
Fighting       | 3 4 5 6 7 8 9 10 | 10.8
Armour         | 4 5 6 8 9 10 12 13 | 13.9
Shields        | 4 5 6 7 8 11 13 15 | 15.8
Axes           | 2 |  2.3
Maces & Flails | 3 4 6 8 9 |  9.5

Action                     |  1- 3 |  4- 6 |  7- 9 | 10-12 | 13-15 || total
---------------------------+-------+-------+-------+-------+-------++-------
  Melee: Long sword        |   149 |   127 |       |       |       ||   276
         Tailslap          |    13 |    18 |    41 |    78 |     9 ||   159
         War axe           |       |    30 |   103 |       |       ||   133
         Morningstar       |       |       |   205 |   548 |    31 ||   784
         Headbutt          |       |       |       |    87 |     8 ||    95
  Throw: Throwing net      |     1 |       |       |       |       ||     1
 Invoke: Bend Time         |       |       |       |     2 |       ||     2
  Evoke: Condenser vane    |       |       |     1 |     3 |       ||     4
         Wand              |       |       |     4 |    19 |       ||    23
    Use: Potion            |     1 |     3 |     4 |     9 |       ||    17
         Scroll            |     9 |    10 |     5 |    13 |     2 ||    39
 Armour: Scale mail        |   103 |   131 |       |       |       ||   234
         Plate armour      |       |       |   447 |   744 |    30 ||  1221
  Dodge: Dodged            |    62 |    32 |    65 |   117 |    13 ||   289
  Block: Buckler           |    30 |    30 |   105 |   453 |    28 ||   646

Table legend: (Time is in decaauts)
 A = Elapsed time spent in this place.
 B = Non-inter-level travel time spent in this place.
 C = Inter-level travel time spent in this place.
 D = Time resting spent in this place.
 E = Time spent auto-exploring this place.
 F = Levels seen in this place.
 G = Mean time per level.
                   A        B        C        D        E       F      G
               +--------+--------+--------+--------+--------+-----+--------+
         Total |  15302 |   8418 |   6884 |   2960 |   2126 |  16 |  956.4 |
       Dungeon |  10618 |   5476 |   5142 |   1583 |   2089 |  10 | 1061.8 |
        Temple |    163 |     45 |    118 |      0 |     37 |   1 |  163.0 |
  Orcish Mines |   3138 |   1621 |   1517 |    932 |      0 |   2 | 1569.0 |
   Elven Halls |    463 |    357 |    106 |    140 |      0 |   1 |  463.0 |
        Bailey |    818 |    818 |      0 |    239 |      0 |   1 |  818.0 |
    Desolation |     99 |     99 |      0 |     66 |      0 |   1 |   99.0 |
               +--------+--------+--------+--------+--------+-----+--------+

Top non-repeatable levels by time:
     D:9: 2074 daAuts
   Orc:1: 1579 daAuts
   Orc:2: 1559 daAuts
     D:5: 1445 daAuts
     D:8: 1427 daAuts
     D:7: 1195 daAuts
     D:6: 989 daAuts
     D:4: 988 daAuts
     D:3: 823 daAuts
  Bailey: 818 daAuts
     D:1: 798 daAuts
     D:2: 573 daAuts
   Elf:1: 463 daAuts
    D:10: 301 daAuts
  Temple: 163 daAuts
